| TOP OF THE 1ST |
|
Salt Lake City Bees batting - Pitching for Phoenix Giants : RHP Carlos Rodriguez
|
|
Pitching: RHP Carlos Rodriguez
|
|
|
Batting: LHB Mike Cole
|
0-0: Ball 1-0: Fly out, F7 (Flyball, 78D, EV 100.0 MPH)
|
|
Batting: LHB Eric Attaway
|
0-0: Ball 1-0: Foul Ball, location: 2F 1-1: Swinging Strike 1-2: Foul Ball, location: 2F 1-2: Ball 2-2: Ball 3-2: Foul Ball, location: 2F 3-2: SINGLE (Groundball, 34D, EV 96.3 MPH)
|
|
Batting: RHB Robert Potts
|
0-0: Called Strike 0-1: Ball 1-1: Ball 2-1: Ball 3-1: Reached on error, E6 (Groundball, 6, EV 83.8 MPH) Eric Attaway to second
|
|
Batting: LHB Thomas Dorsey
|
0-0: Called Strike 0-1: Ball 1-1: Foul Ball, location: 2F 1-2: Strikes out looking
|
|
Batting: RHB William Cole
|
0-0: Ball 1-0: Called Strike 1-1: Fielders Choice at 2nd, 5-4 (Groundball, 5L, EV 83.1 MPH)
|
| Top of the 1st over - 0 runs, 1 hit, 1 error, 2 left on base; Salt Lake City 0 - Phoenix 0 |
| BOTTOM OF THE 1ST |
|
Phoenix Giants batting - Pitching for Salt Lake City Bees : RHP Ed Nunez
|
|
Pitching: RHP Ed Nunez
|
|
|
Batting: LHB Gordon Hahn
|
0-0: Called Strike 0-1: Ball 1-1: Ball 2-1: Fly out, F9 (Line Drive, 9, EV 94.4 MPH)
|
|
Batting: LHB Bobby V Mitchell
|
0-0: Foul Ball, location: 2F 0-1: Swinging Strike 0-2: Fly out, F5 (Line Drive, 5, EV 67.5 MPH)
|
|
Batting: LHB Ernie Riles
|
0-0: Ball 1-0: Ball 2-0: Fly out, F7 (Flyball, 7S, EV 93.1 MPH)
|
| Bottom of the 1st over - 0 runs, 0 hits, 0 errors, 0 left on base; Salt Lake City 0 - Phoenix 0 |
| TOP OF THE 2ND |
|
Salt Lake City Bees batting - Pitching for Phoenix Giants : RHP Carlos Rodriguez
|
|
Batting: RHB Darnell Coles
|
0-0: Ball 1-0: Called Strike 1-1: Ball 2-1: Ball 3-1: Swinging Strike 3-2: Strikes out looking
|
|
Batting: LHB Robert Schuster
|
0-0: Ball 1-0: Ball 2-0: Ball 3-0: Called Strike 3-1: Base on Balls
|
|
Batting: RHB Darrell Miller
|
0-0: Called Strike 0-1: Ground out 6-3 (Groundball, 6S, EV 73.1 MPH) Robert Schuster to second
|
|
Batting: RHB Reid Nichols
|
0-0: Ball 1-0: Foul Ball, location: 2F 1-1: Called Strike 1-2: Strikes out swinging
|
| Top of the 2nd over - 0 runs, 0 hits, 0 errors, 1 left on base; Salt Lake City 0 - Phoenix 0 |
| BOTTOM OF THE 2ND |
|
Phoenix Giants batting - Pitching for Salt Lake City Bees : RHP Ed Nunez
|
|
Batting: SHB John Macauley
|
0-0: Ball 1-0: Foul Ball, location: 2F 1-1: Foul Ball, location: 2F 1-2: Foul Ball, location: 2F 1-2: Ground out 4-3 (Groundball, 4M, EV 86.9 MPH)
|
|
Batting: RHB Paul Zuvella
|
0-0: Foul Ball, location: 2F 0-1: Ball 1-1: Foul Ball, location: 2F 1-2: Ball 2-2: SINGLE (Line Drive, 9S, EV 105.0 MPH)
|
|
Batting: LHB Joseph Bruno
|
0-0: Called Strike 0-1: Ball 1-1: Ball 2-1: Ball 3-1: Fielders Choice at 2nd, 4-6 (Groundball, 34D, EV 99.4 MPH)
|
|
Batting: RHB Adam Veldman
|
0-0: Foul Ball, location: 2F 0-1: Foul Ball, location: 2F 0-2: Ball 1-2: Fielders Choice at 2nd, 6-4 (Groundball, 6, EV 89.4 MPH)
|
| Bottom of the 2nd over - 0 runs, 1 hit, 0 errors, 1 left on base; Salt Lake City 0 - Phoenix 0 |
| TOP OF THE 3RD |
|
Salt Lake City Bees batting - Pitching for Phoenix Giants : RHP Carlos Rodriguez
|
|
Batting: LHB Mike Cole
|
0-0: Called Strike 0-1: Called Strike 0-2: Ball 1-2: Ball 2-2: Ball 3-2: Foul Ball, location: 2F 3-2: Ground out 6-3 (Groundball, 6M, EV 86.3 MPH)
|
|
Batting: LHB Eric Attaway
|
0-0: Ball 1-0: Foul Ball, location: 2F 1-1: Ball 2-1: Ball 3-1: Foul Ball, location: 2F 3-2: Strikes out swinging
|
|
Batting: RHB Robert Potts
|
0-0: Foul Ball, location: 2F 0-1: Ball 1-1: Called Strike 1-2: Strikes out swinging
|
| Top of the 3rd over - 0 runs, 0 hits, 0 errors, 0 left on base; Salt Lake City 0 - Phoenix 0 |
| BOTTOM OF THE 3RD |
|
Phoenix Giants batting - Pitching for Salt Lake City Bees : RHP Ed Nunez
|
|
Batting: SHB Razor Shines
|
0-0: Ball 1-0: Foul Ball, location: 2F 1-1: Called Strike 1-2: Ball 2-2: Foul Ball, location: 2F 2-2: Strikes out swinging
|
|
Batting: LHB Frank Gill
|
0-0: Ball 1-0: Swinging Strike 1-1: Ground out 4-3 (Groundball, 4D, EV 88.8 MPH)
|
|
Batting: LHB Gordon Hahn
|
0-0: Called Strike 0-1: Called Strike 0-2: Foul Ball, location: 2F 0-2: Ball 1-2: Ball 2-2: Fly out, F4 (Popup, 34S, EV 61.9 MPH)
|
| Bottom of the 3rd over - 0 runs, 0 hits, 0 errors, 0 left on base; Salt Lake City 0 - Phoenix 0 |
| TOP OF THE 4TH |
|
Salt Lake City Bees batting - Pitching for Phoenix Giants : RHP Carlos Rodriguez
|
|
Batting: LHB Thomas Dorsey
|
0-0: Called Strike 0-1: Swinging Strike 0-2: Strikes out looking and he ARGUES THE CALL AND IS TOSSED!
|
|
Batting: RHB William Cole
|
0-0: Called Strike 0-1: Called Strike 0-2: Ball 1-2: Ball 2-2: Foul Ball, location: 2F 2-2: Ground out 5-3 (Groundball, 56S, EV 87.5 MPH)
|
|
Batting: RHB Darnell Coles
|
0-0: Ball 1-0: Ball 2-0: Ball 3-0: Called Strike 3-1: SINGLE (Line Drive, 7S, EV 93.8 MPH)
|
|
Batting: LHB Robert Schuster
|
0-0: Called Strike 0-1: Ball Darnell Coles is caught stealing 2nd base 2-6
|
| Top of the 4th over - 0 runs, 1 hit, 0 errors, 0 left on base; Salt Lake City 0 - Phoenix 0 |
| BOTTOM OF THE 4TH |
|
Phoenix Giants batting - Pitching for Salt Lake City Bees : RHP Ed Nunez
|
|
Now in RF: Tony Brewer
|
|
|
Batting: LHB Bobby V Mitchell
|
0-0: Called Strike 0-1: Called Strike 0-2: SINGLE (Line Drive, 6MD, EV 98.8 MPH)
|
|
Batting: LHB Ernie Riles
|
0-0: Called Strike Bobby V Mitchell steals 2nd base 0-1: Called Strike 0-2: Ball Wild Pitch! Bobby V Mitchell to third 1-2: Ball 2-2: Ball 3-2: Reached on error, E3 (Groundball, 34S, EV 79.4 MPH) Bobby V Mitchell scores
|
|
Batting: SHB John Macauley
|
0-0: Called Strike 0-1: Ball 1-1: Called Strike 1-2: Ball 2-2: Foul Ball, location: 2F 2-2: Ball 3-2: Foul Ball, location: 2F 3-2: Foul Ball, location: 2F 3-2: Base on Balls
|
|
Pitching: RHP Antonio Baca
|
|
|
Batting: RHB Paul Zuvella
|
0-0: Foul Ball, location: 2F 0-1: Ball 1-1: SINGLE (Line Drive, 5D, EV 95.6 MPH) Ernie Riles to third John Macauley to second
|
|
Batting: LHB Joseph Bruno
|
0-0: Ball 1-0: Ball 2-0: Fly out, F5 (Popup, 56, EV 74.4 MPH)
|
|
Batting: RHB Adam Veldman
|
0-0: Called Strike 0-1: Fly out, F6 (Popup, 6M, EV 56.3 MPH)
|
|
Batting: SHB Razor Shines
|
0-0: Ball 1-0: Ball 2-0: SINGLE (Groundball, 34D, EV 97.5 MPH) Ernie Riles scores John Macauley to third Paul Zuvella to second Runner from 3rd tries for Home, SAFE, throw by RF to home
|
|
Batting: LHB Frank Gill
|
0-0: Ball 1-0: Swinging Strike 1-1: Ball 2-1: Ground out U3 (Groundball, 34, EV 88.8 MPH)
|
| Bottom of the 4th over - 3 runs, 3 hits, 1 error, 2 left on base; Salt Lake City 0 - Phoenix 3 |
| TOP OF THE 5TH |
|
Salt Lake City Bees batting - Pitching for Phoenix Giants : RHP Carlos Rodriguez
|
|
Batting: LHB Robert Schuster
|
0-0: Ball 1-0: Called Strike 1-1: Fly out, F9 (Flyball, 9LM, EV 95.6 MPH)
|
|
Batting: RHB Darrell Miller
|
0-0: Ball 1-0: Swinging Strike 1-1: Swinging Strike 1-2: Ball 2-2: Foul Ball, location: 2F 2-2: Strikes out swinging
|
|
Batting: RHB Reid Nichols
|
0-0: Called Strike 0-1: DOUBLE (Flyball, 78D, EV 105.0 MPH)
|
|
Batting: LHB Mike Cole
|
0-0: Ball 1-0: Swinging Strike 1-1: Foul Ball, location: 2F 1-2: Ball 2-2: Ball 3-2: Foul Ball, location: 2F 3-2: SINGLE (Groundball, 4D, EV 100.0 MPH) Reid Nichols to third Reid Nichols scores
|
|
Batting: LHB Eric Attaway
|
0-0: Called Strike 0-1: Ball 1-1: Ground out 4-3 (Groundball, 4, EV 80.6 MPH)
|
| Top of the 5th over - 1 run, 2 hits, 0 errors, 1 left on base; Salt Lake City 1 - Phoenix 3 |
| BOTTOM OF THE 5TH |
|
Phoenix Giants batting - Pitching for Salt Lake City Bees : RHP Antonio Baca
|
|
Batting: LHB Gordon Hahn
|
0-0: Ball 1-0: Ball 2-0: Called Strike 2-1: SINGLE (Line Drive, 89S, EV 102.5 MPH)
|
|
Batting: LHB Bobby V Mitchell
|
0-0: Ball Gordon Hahn is caught stealing 2nd base 2-6 1-0: Ball 2-0: Called Strike 2-1: Foul Ball, location: 2F 2-2: Ball 3-2: Foul Ball, location: 2F 3-2: Foul Ball, location: 2F 3-2: Ground out 3-1 (Groundball, 34, EV 82.5 MPH)
|
|
Batting: LHB Ernie Riles
|
0-0: Ball 1-0: Ball 2-0: Called Strike 2-1: Ball 3-1: Base on Balls
|
|
Batting: SHB John Macauley
|
0-0: Ball Ernie Riles steals 2nd base 1-0: SINGLE (Line Drive, 6MD, EV 96.9 MPH) Ernie Riles to third Runner from 3rd tries for Home, SAFE, throw by CF to home
|
|
Batting: RHB Paul Zuvella
|
0-0: Ball 1-0: Ball 2-0: Ball 3-0: Called Strike 3-1: SINGLE (Groundball, 6D, EV 111.9 MPH) John Macauley to second
|
|
Batting: LHB Joseph Bruno
|
0-0: Fly out, F8 (Line Drive, 8LD, EV 100.0 MPH)
|
| Bottom of the 5th over - 1 run, 3 hits, 0 errors, 2 left on base; Salt Lake City 1 - Phoenix 4 |
| TOP OF THE 6TH |
|
Salt Lake City Bees batting - Pitching for Phoenix Giants : RHP Carlos Rodriguez
|
|
Batting: RHB Robert Potts
|
0-0: Called Strike 0-1: Ball 1-1: Swinging Strike 1-2: SINGLE (Groundball, 6M, EV 110.0 MPH)
|
|
Batting: RHB Tony Brewer
|
0-0: Ball 1-0: Ball 2-0: Called Strike 2-1: Foul Ball, location: 2F 2-2: Ball 3-2: Foul Ball, location: 2F 3-2: Base on Balls Robert Potts to second
|
|
Pitching: RHP Enrique Romo
|
|
|
Batting: RHB William Cole
|
0-0: Ball 1-0: Called Strike 1-1: Swinging Strike 1-2: Foul Ball, location: 2F 1-2: Ball 2-2: Grounds into double play, 5-4-3 (Groundball, 56, EV 81.9 MPH) Robert Potts to third
|
|
Batting: RHB Darnell Coles
|
0-0: Called Strike 0-1: Called Strike 0-2: Ball 1-2: Strikes out swinging
|
| Top of the 6th over - 0 runs, 1 hit, 0 errors, 1 left on base; Salt Lake City 1 - Phoenix 4 |
| BOTTOM OF THE 6TH |
|
Phoenix Giants batting - Pitching for Salt Lake City Bees : RHP Antonio Baca
|
|
Batting: RHB Adam Veldman
|
0-0: Ball 1-0: Called Strike 1-1: Called Strike 1-2: Foul Ball, location: 2F 1-2: Ground out 2-3 (Groundball, 15S, EV 68.1 MPH)
|
|
Batting: SHB Razor Shines
|
0-0: Ball 1-0: Ball 2-0: SINGLE (Line Drive, 8RS, EV 102.5 MPH)
|
|
Batting: LHB Frank Gill
|
0-0: Called Strike Razor Shines steals 2nd, throwing error, E2 Razor Shines to third 0-1: Foul Ball, location: 2F 0-2: Ball Wild Pitch! Razor Shines scores 1-2: SINGLE (Line Drive, 56D, EV 101.3 MPH)
|
|
Batting: LHB Gordon Hahn
|
0-0: Called Strike 0-1: Foul Ball, location: 2F 0-2: Ball 1-2: Foul Ball, location: 2F 1-2: Ball 2-2: Ball 3-2: Base on Balls Frank Gill to second
|
|
Batting: LHB Bobby V Mitchell
|
0-0: Ball 1-0: Ball 2-0: Foul Ball, location: 2F 2-1: Called Strike 2-2: Fielders Choice at 2nd, 3-6 (Groundball, 34S, EV 88.1 MPH) Frank Gill to third
|
|
Pitching: RHP Jesse Baez
|
|
|
Batting: LHB Ernie Riles
|
0-0: Ground out 4-3 (Groundball, 4, EV 84.4 MPH)
|
| Bottom of the 6th over - 1 run, 2 hits, 1 error, 2 left on base; Salt Lake City 1 - Phoenix 5 |
| TOP OF THE 7TH |
|
Salt Lake City Bees batting - Pitching for Phoenix Giants : RHP Enrique Romo
|
|
Batting: LHB Robert Schuster
|
0-0: Called Strike 0-1: Foul Ball, location: 2F 0-2: Ground out 4-3 (Groundball, 4, EV 89.4 MPH)
|
|
Batting: RHB Darrell Miller
|
0-0: Ground out 6-3 (Groundball, 6, EV 90.0 MPH)
|
|
Batting: RHB Reid Nichols
|
0-0: Ball 1-0: Called Strike 1-1: Ball 2-1: Ball 3-1: Fly out, F5 (Line Drive, 5, EV 68.8 MPH)
|
| Top of the 7th over - 0 runs, 0 hits, 0 errors, 0 left on base; Salt Lake City 1 - Phoenix 5 |
| BOTTOM OF THE 7TH |
|
Phoenix Giants batting - Pitching for Salt Lake City Bees : RHP Jesse Baez
|
|
Batting: SHB John Macauley
|
0-0: Swinging Strike 0-1: Ball 1-1: Foul Ball, location: 2F 1-2: Fly out, F9 (Flyball, 9S, EV 83.1 MPH)
|
|
Batting: RHB Paul Zuvella
|
0-0: Called Strike 0-1: Ball 1-1: Ball 2-1: Ball 3-1: Base on Balls
|
|
Batting: LHB Joseph Bruno
|
0-0: Ball 1-0: Fielders Choice at 2nd, 4-6 (Groundball, 34, EV 86.9 MPH)
|
|
Batting: RHB Adam Veldman
|
0-0: Ball 1-0: Swinging Strike 1-1: Ball 2-1: Fly out, F7 (Flyball, 78XD, EV 93.8 MPH)
|
| Bottom of the 7th over - 0 runs, 0 hits, 0 errors, 1 left on base; Salt Lake City 1 - Phoenix 5 |
| TOP OF THE 8TH |
|
Salt Lake City Bees batting - Pitching for Phoenix Giants : RHP Enrique Romo
|
|
Batting: LHB Mike Cole
|
0-0: Ball 1-0: Ball 2-0: Foul Ball, location: 2F 2-1: Foul Ball, location: 2F 2-2: Foul Ball, location: 2F 2-2: Fly out, F8 (Flyball, 8LD, EV 92.5 MPH)
|
|
Batting: LHB Eric Attaway
|
0-0: Foul Ball, location: 2F 0-1: Fly out, F8 (Flyball, 78D, EV 91.9 MPH)
|
|
Batting: RHB Robert Potts
|
0-0: SINGLE (Line Drive, 6D, EV 96.3 MPH)
|
|
Batting: RHB Tony Brewer
|
0-0: Called Strike 0-1: Ball 1-1: Swinging Strike 1-2: Fielders Choice at 2nd, 6-4 (Groundball, 6, EV 105.0 MPH)
|
| Top of the 8th over - 0 runs, 1 hit, 0 errors, 1 left on base; Salt Lake City 1 - Phoenix 5 |
| BOTTOM OF THE 8TH |
|
Phoenix Giants batting - Pitching for Salt Lake City Bees : RHP Jesse Baez
|
|
Batting: SHB Razor Shines
|
0-0: Ball 1-0: Called Strike 1-1: DOUBLE (Flyball, 3D, EV 100.6 MPH)
|
|
Batting: LHB Frank Gill
|
0-0: Bunt missed! 0-1: Sac Bunt to P - play at first, batter OUT! 1-4 Razor Shines to third
|
|
Batting: LHB Gordon Hahn
|
0-0: Foul Ball, location: 2F 0-1: Hit by Pitch
|
|
Batting: LHB Bobby V Mitchell
|
0-0: Ball 1-0: Ball 2-0: Ball 3-0: Base on Balls Gordon Hahn to second
|
|
Batting: LHB Ernie Riles
|
0-0: Ball 1-0: Foul Ball, location: 2F 1-1: Called Strike 1-2: Ball 2-2: Ball 3-2: SINGLE (Groundball, 34S, EV 68.8 MPH) (infield hit) Razor Shines scores Gordon Hahn to third Bobby V Mitchell to second
|
|
Batting: SHB John Macauley
|
0-0: Called Strike 0-1: Ball 1-1: Foul Ball, location: 2F 1-2: Strikes out swinging
|
|
Batting: RHB Paul Zuvella
|
0-0: Foul Ball, location: 2F 0-1: Foul Ball, location: 2F 0-2: Fielders Choice at 2nd, U4 (Groundball, 4M, EV 105.6 MPH)
|
| Bottom of the 8th over - 1 run, 2 hits, 0 errors, 3 left on base; Salt Lake City 1 - Phoenix 6 |
| TOP OF THE 9TH |
|
Salt Lake City Bees batting - Pitching for Phoenix Giants : RHP Enrique Romo
|
|
Pitching: RHP Terry Cornutt
|
|
|
Batting: RHB William Cole
|
0-0: Ball 1-0: Ground out 4-3 (Groundball, 4S, EV 88.1 MPH)
|
|
Batting: RHB Darnell Coles
|
0-0: Foul Ball, location: 2F 0-1: Fly out, F5 (Flyball, 5D, EV 86.9 MPH)
|
|
Batting: LHB Robert Schuster
|
0-0: DOUBLE (Groundball, 5L, EV 110.0 MPH)
|
|
Pinch Runner at 2nd Donnie Hill:
|
|
|
Batting: RHB Darrell Miller
|
0-0: Ball 1-0: Foul Ball, location: 2F 1-1: Called Strike 1-2: Strikes out swinging
|
| Top of the 9th over - 0 runs, 1 hit, 0 errors, 1 left on base; Salt Lake City 1 - Phoenix 6 |
|